 Dungeon Crawl Stone Soup version 0.20-a0-501-g0de2c2e (webtiles) character file.

254 useraccount the Poker (level 5, -11/41 HPs)
             Began as a Demigod Skald on Jan 20, 2017.
             Killed from afar by an orc wizard (13 damage)
             ... with a puff of flame
             ... on level 4 of the Dungeon.
             The game lasted 00:05:14 (4135 turns).

useraccount the Poker (Demigod Skald)               Turns: 4135, Time: 00:05:15

Health: -11/41     AC:  6    Str: 16    XL:     5   Next: 59%
Magic:  10/10      EV: 11    Int: 17    God:
Gold:   133        SH:  0    Dex: 15    Spells: 2/8 levels left

rFire    . . .     SeeInvis .   a - +0 spear
rCold    . . .     Gourm    .   s - +0 ring mail
rNeg     . . .     Faith    .   (no shield)
rPois    .         Spirit   .   q - +0 helmet
rElec    .         Reflect  .   (no cloak)
rCorr    .         Harm     .   (no gloves)
MR       .....                  (no boots)
Stlth    +.........             (no amulet)
Regen    0.2/turn               (no ring)
                                (no ring)

@: no status effects
A: high mp 1
a: no special abilities


You were on level 4 of the Dungeon.
You were not hungry.

You visited 1 branch of the dungeon, and saw 5 of its levels.

You collected 133 gold pieces.

Inventory:

Hand Weapons
 a - a +0 spear (weapon)
Armour
 q - a +0 helmet (worn)
 s - a +0 ring mail (worn)
Scrolls
 e - a scroll of amnesia {unknown}
 g - a scroll of enchant weapon {unknown}
 j - a scroll of recharging {unknown}
 k - 4 scrolls of teleportation
 l - 6 scrolls of identify {unknown}
 m - 3 scrolls of remove curse {unknown}
 u - a scroll of immolation {unknown}
Potions
 h - a potion of resistance
 n - a potion of haste {unknown}
 p - a potion of agility {unknown}
 r - a potion of curing {unknown}
Books
 c - a book of Battle

   Spells                             Type                      Level
   a - Infusion                       Charms                       1
   b - Shroud of Golubria             Charms/Translocation         2
   c - Song of Slaying                Charms                       2
   d - Spectral Weapon                Hexes/Charms                 3
   e - Regeneration                   Charms/Necromancy            3
Comestibles
 d - 7 bread rations
 f - 2 beef jerkies
 o - a meat ration


   Skills:
 - Level 2.0 Fighting
 * Level 4.2 Polearms
 + Level 2.1 Armour
 - Level 2.0 Dodging
 - Level 2.0 Spellcasting
 + Level 1.8 Hexes
 - Level 3.0 Charms


You had 2 spell levels left.
You knew the following spells:

 Your Spells              Type           Power        Failure   Level  Hunger
a - Infusion              Chrm           ##..         12%         1    #......
b - Song of Slaying       Chrm           ##......     17%         2    ###....
c - Spectral Weapon       Hex/Chrm       #.......     47%         3    ###....


Dungeon Overview and Level Annotations

Branches:
Dungeon (5/15)             Temple (0/1) D:4

Annotations:
D:5 Prince Ribbit


Innate Abilities, Weirdness & Mutations

You have an increased reservoir of magic. (+10% MP)


Message History

The orc wizard is lightly wounded.
The orc wizard hits you but does no damage.
An orc and an orc priest come into view.
You closely miss the orc wizard.
The orc wizard is lightly wounded.
The orc wizard looks satisfied for a moment.
The orc wizard casts a spell.
The orc wizard seems to speed up.
The orc wizard casts a spell at you. The magic dart hits you!
* * * LOW HITPOINT WARNING * * *
The orc wizard points at you and mumbles some strange words.
The puff of flame hits you!
* * * LOW HITPOINT WARNING * * *
The orc wizard points at you and mumbles some strange words.
The puff of flame hits you!
* * * LOW HITPOINT WARNING * * *
The orc wizard casts a spell at you. The puff of flame hits you!
You die...

#.# #.##.##.###.# #..# #.# #.#
#.##.##...#.# #..# #.## #.#
#.##.#..##..########..# #.##
#.####.....................###.##
#........o....#..##..............
#########)##...#.##.....<..###.##
#o######...........# #.## #.#
#.##........# #.##
#o######@##........# #.#
#>..oo...##.(......###.#
##############.........#
#....<.##.# #.........#
##.....##.# #.....##.##
###........ ######...


You could see an orc wizard and an orc.

Vanquished Creatures
  A scorpion (D:4)
  A crimson imp (D:3)
  A hound skeleton (D:4)
  5 adders
  An ooze (D:1)
  An adder skeleton (D:4)
  2 worms
  4 dart slugs
  6 leopard geckos
  7 orcs
  A ball python (D:1)
  4 bats
  8 giant cockroaches
  4 goblins
  7 hobgoblins
  7 jackals
  2 quokkas
  6 frilled lizards
  5 kobolds
  A quokka skeleton (D:5)
  6 rats
80 creatures vanquished.

Notes
Turn   | Place    | Note
-------+----------+-------------------------------------------
     0 | D:1      | useraccount the Demigod Skald began the quest for the Orb.
     0 | D:1      | Reached XP level 1. HP: 17/17 MP: 5/5
   176 | D:1      | Reached skill level 2 in Polearms
   176 | D:1      | Reached skill level 1 in Armour
   253 | D:1      | Reached XP level 2. HP: 7/24 MP: 1/7
   462 | D:1      | Learned a level 2 spell: Song of Slaying
   829 | D:1      | Reached XP level 3. HP: 29/29 MP: 8/8
   860 | D:1      | Learned a level 3 spell: Spectral Weapon
  1325 | D:2      | Found an opulent altar of Gozag.
  1752 | D:3      | Reached skill level 3 in Polearms
  2345 | D:3      | Reached XP level 4. HP: 35/36 MP: 9/9
  2479 | D:3      | Reached skill level 1 in Hexes
  3042 | D:4      | Found a staircase to the Ecumenical Temple.
  3153 | D:4      | Reached XP level 5. HP: 41/41 MP: 10/10
  3448 | D:4      | HP: 1/41 [scorpion (4)]
  3453 | D:4      | Reached skill level 4 in Polearms
  3910 | D:5      | Entered Level 5 of the Dungeon
  4041 | D:5      | Noticed Prince Ribbit
  4134 | D:4      | HP: 2/41 [orc wizard/puff of flame (8)]
  4135 | D:4      | Killed from afar by an orc wizard

Vault maps used:
D:1:      shiori_shiawase
D:2:      nicolae_gozag_seed_capital
D:3:      first_bread
D:5:      uniq_prince_ribbit1, uniq_eustachio, uniq_edmund

Skill      XL: |  1  2  3  4  5 |
---------------+----------------+-----
Polearms       | 2 3 4 |  4.2
Armour         | 1 2 |  2.1
Spellcasting   | 2 |  2.0
Fighting       | 2 |  2.0
Dodging        | 2 |  2.0
Charms         | 3 |  3.0
Hexes          | 1 |  1.8

Action                   |  1- 3 |  4- 6 || total
-------------------------+-------+-------++-------
Melee: Spear             |   208 |   205 ||   413
 Cast: Infusion          |     5 |     5 ||    10
       Song of Slaying   |     4 |     2 ||     6
  Use: Potion            |       |     3 ||     3
       Scroll            |       |     1 ||     1
  Eat: Chunk             |     5 |     4 ||     9
       Meat ration       |       |     1 ||     1
Armor: Leather armour    |    50 |    15 ||    65
       Ring mail         |       |    21 ||    21
Dodge: Dodged            |    99 |    75 ||   174
